 Dungeon Crawl Stone Soup version 0.28-b1-1-g3c77fb2ed1 (webtiles) character file.

Game seed: 16698205665133960633

180524 McKennaii the Eclecticist (level 17, -5/111 HPs)
             Began as a Demigod Conjurer on Jan 27, 2022.
             Slain by a swamp worm (17 damage)
             ... while paralysed by a fenstrider witch
             ... on level 4 of the Swamp.
             The game lasted 01:35:04 (45422 turns).

McKennaii the Eclecticist (Demigod Conjurer)       Turns: 45422, Time: 01:35:04

Health: -5/111     AC: 13    Str: 22    XL:     17   Next: 8%
Magic:  19/53      EV:  2    Int: 40    God:
Gold:   730        SH:  0    Dex: 12    Spells: 35/52 levels left

rFire   + + .      SeeInvis .   m - staff of conjuration
rCold   + . .      Faith    .   Q - +1 kite shield {rC+}
rNeg    + + .      Spirit   .   z - +1 ring mail "Ulead" {rF+ Int+4}
rPois   +          Reflect  .   x - +0 helmet "Urhach" {rPois Str+6 Int+4}
rElec   .          Harm     .   a - +1 cloak {rCorr}
rCorr   +          Rampage  .   (no gloves)
Will    +....                   G - +1 pair of boots
Stlth   +.........              L - amulet of magic regeneration
HPRegen 0.28/turn               d - ring of magical power
MPRegen 0.73/turn               Y - ring "Sobapaku" {rF+ rN++}

@: paralysed, lethally poisoned (-5 -> -13), marked
A: high mp 1, forlorn, divine attributes
a: no special abilities


You were on level 4 of the Swamp.
You visited 4 branches of the dungeon, and saw 27 of its levels.
You also visited: Bailey and Ice Cave.

You collected 3403 gold pieces.
You spent 2673 gold pieces at shops.

Inventory:

Hand Weapons
 t - the +6 whip "Arcanum" {vorpal, rElec Will+ Str-4}
   (You found it on level 3 of the Dungeon)

   It inflicts extra damage upon your enemies.
   Str:       It affects your strength (-4).
   rElec:     It insulates you from electricity.
   Will:      It increases your willpower.
 J - the +8 whip "Snakebite" {venom, curare, rPois}
   (You found it on level 5 of the Lair of Beasts)

   It poisons the flesh of those it strikes.
   It occasionally inflicts asphyxiating poison on those it strikes, dealing
   poison damage and causing slowness.
   rPois:     It protects you from poison.
Armour
 a - a +1 cloak of preservation (worn)
 x - the +0 helmet "Urhach" (worn) {rPois Str+6 Int+4}
   (You acquired it on level 1 of the Swamp)

   Str:       It affects your strength (+6).
   Int:       It affects your intelligence (+4).
   rPois:     It protects you from poison.
 z - the +1 ring mail "Ulead" (worn) {rF+ Int+4}
   (You found it on level 6 of the Lair of Beasts)

   Int:       It affects your intelligence (+4).
   rF:        It protects you from fire.
 G - a +1 pair of boots (worn)
 K - a +0 tower shield of cold resistance
 Q - a +1 kite shield of cold resistance (worn)
 T - the +3 hat of Pondering {ponderous, Will+ MP+10 Int+5}
   (You took it off Gastronok on level 2 of the Lair of Beasts)

   Int:       It affects your intelligence (+5).
   MP:        It affects your magic capacity (+10).
   Will:      It increases your willpower.
Magical Staves
 m - a staff of conjuration (weapon)
Jewellery
 d - a ring of magical power (left hand)
 j - a ring of willpower
 L - an amulet of magic regeneration (around neck)
 P - a ring of protection from fire
 X - a ring of ice
 Y - the ring "Sobapaku" (right hand) {rF+ rN++}
   (You found it on level 3 of the Lair of Beasts)

   [ring of protection from fire]

   rF:        It protects you from fire.
   rN:        It greatly protects you from negative energy.
Wands
 s - a wand of mindburst (3)
 A - a wand of paralysis (4)
 E - a wand of acid (8)
 F - a wand of polymorph (19)
 N - a wand of iceblast (25)
 O - a wand of charming (3)
 V - a wand of digging (17)
Scrolls
 c - 19 scrolls of teleportation
 e - a scroll of amnesia
 h - 8 scrolls of enchant armour
 i - 2 scrolls of identify
 l - a scroll of holy word
 n - 8 scrolls of vulnerability
 p - 2 scrolls of silence
 q - a scroll of magic mapping
 w - a scroll of summoning
 y - 7 scrolls of blinking
 H - 7 scrolls of immolation
 I - 3 scrolls of fear
 W - 4 scrolls of enchant weapon
Potions
 b - 2 potions of ambrosia
 f - 6 potions of heal wounds
 g - 5 potions of resistance
 k - 15 potions of curing
 o - 3 potions of might
 r - 2 potions of invisibility
 u - 4 potions of flight
 v - 7 potions of brilliance
 B - 4 potions of cancellation
 C - 7 potions of haste
 D - 5 potions of mutation
 S - 3 potions of magic
 Z - a potion of berserk rage


   Skills:
 - Level 6.0 Armour
 - Level 1.7 Dodging
 - Level 1.7 Stealth
 - Level 15.0 Shields
 + Level 18.0 Spellcasting
 - Level 16.0 Conjurations
 - Level 2.0 Translocations
 - Level 6.0 Fire Magic
 + Level 8.6 Air Magic


You had 35 spell levels left.
You knew the following spells:

 Your Spells              Type           Power      Damage    Failure   Level
a - Magic Dart            Conj           100%       1d8       0%          1
b - Searing Ray           Conj           100%       2d8       0%          2
c - Iskenderun's Mystic   Conj/Tloc      100%       2d19      1%          4
d - Fireball              Conj/Fire      55%        3d21      1%          5
e - Lightning Bolt        Conj/Air       58%        1d80      1%          5

Your spell library contained the following spells:

 Spells                   Type           Power      Damage    Failure   Level
 Shock                    Conj/Air       100%       1d9       0%          1
 Foxfire                  Conj/Fire      100%       2x1d9     1%          1
 Pain                     Necr           100%       1d9       1%          1
 Sandblast                Erth           72%        2d16      1%          1
 Corpse Rot               Necr/Air       100%       N/A       1%          2
 Static Discharge         Conj/Air       100%       N/A       1%          2
 Conjure Flame            Conj/Fire      100%       6-21      1%          3
 Dazzling Flash           Conj/Hex       100%       N/A       1%          3
 Inner Flame              Hex/Fire       56%        N/A       1%          3
 Mephitic Cloud           Conj/Pois/Air  100%       N/A       1%          3
 Stone Arrow              Conj/Erth      100%       3d13      1%          3
 Swiftness                Air            81%        N/A       1%          3
 Airstrike                Air            40%        N/A       1%          4
 Flame Wave               Conj/Fire      100%       2d17      1%          4
 Fulminant Prism          Conj/Hex       50%        3d23      1%          4
 Conjure Ball Lightning   Conj/Air       58%        3x3d21    1%          6
 Irradiate                Conj/Tmut      50%        3d30      2%          5
 Call Imp                 Summ           36%        N/A       3%          2
 Passwall                 Tmut/Erth      30%        N/A       3%          2
 Sublimation of Blood     Necr           36%        N/A       3%          2
 Starburst                Conj/Fire      55%        6d15      3%          6
 Portal Projectile        Hex/Tloc       88%        N/A       4%          3
 Ozocubu's Armour         Ice            36%        N/A       6%          3
 Tukima's Dance           Hex            36%        N/A       6%          3
 Anguish                  Hex/Necr       18%        N/A       21%         4
 Dispel Undead            Necr           36%        3d15      21%         4
 Leda's Liquefaction      Hex/Erth       18%        N/A       21%         4
 Petrify                  Tmut/Erth      36%        N/A       21%         4
 Agony                    Necr           36%        N/A       50%         5
 Blade Hands              Tmut           18%        N/A       50%         5
 Excruciating Wounds      Necr           18%        N/A       50%         5
 Lee's Rapid Deconstruct  Erth           18%        3d12*     50%         5
 Metabolic Englaciation   Hex/Ice        18%        N/A       50%         5
 Death Channel            Necr           18%        N/A       97%         6
 Statue Form              Tmut/Erth      24%        N/A       97%         6
 Maxwell's Capacitive Co  Air            40%        ∞         99%         8
 Enfeeble                 Hex            18%        N/A       100%        7
 Ozocubu's Refrigeration  Ice            18%        4d8       100%        7
 Discord                  Hex            18%        N/A       100%        8
 Disjunction              Tloc           25%        N/A       100%        8
 Ignition                 Fire           35%        3d11      100%        8


Dungeon Overview and Level Annotations

Branches:
Dungeon (15/15)            Temple (0/1) D:7            Lair (6/6) D:8
  Swamp (4/4) Lair:3        Snake (0/4) Lair:2        Slime (0/5) Lair:6
    Orc (2/2) D:12            Elf (0/3) Orc:2        Vaults (0/5) D:13
 Depths (0/4) D:15         Bailey (visited)           IceCv (visited)

Shops:
D:3 ?(:(   D:7 *   D:9 !   D:12 (   D:13 (   Orc:1 :   Orc:2 :*([(


Innate Abilities, Weirdness & Mutations

You have an increased reservoir of magic. (+10% MP)
You shall have no god before yourself.
Your divine heritage dramatically boosts your attributes as you level up.


Message History

You feel a surge of power!
You erupt in a blast of force!
The mystic blast hits the fenstrider witch!!
You kill the fenstrider witch!
The fenstrider witch is engulfed in a cloud of scalding steam.
The fenstrider witch gestures at you while chanting.
You suddenly lose the ability to move!
An orc sorcerer comes into view. It is wielding a +0 dagger.
The fenstrider witch is engulfed in a cloud of scalding steam.
The fenstrider witch gestures at you while chanting.
The toxic sludge hits you!
You are poisoned.
You partially resist.
Splash!
You fall into the toxic bog.
Moving in this stuff is going to be slow.
The orc sorcerer howls an incantation.
You feel troubled.
The fenstrider witch is engulfed in a cloud of scalding steam.
You fester in the toxic bog!
You partially resist.
You are more poisoned.
You feel very sick.
You fester in the toxic bog!
You partially resist.
You are more poisoned.
You feel very sick.
The fenstrider witch points at you and mumbles some strange words.
You resist with some effort.
The swamp worm fires a harpoon shot at you.
The harpoon shot hits you.
* * * LOW HITPOINT WARNING * * *
You are yanked forward by the harpoon shot.
You feel very sick.
The fenstrider witch hits you but does no damage.
The fenstrider witch kicks you.
* * * LOW HITPOINT WARNING * * *
The swamp worm bites you!
* * * LOW HITPOINT WARNING * * *
A wizard comes into view. It is wielding a +0 dagger.
The fenstrider witch casts a spell at you.
You resist with some effort.
You feel very sick. The swamp worm bites you!
You die...

♣♣.≈...♣≈÷)≈≈♣♣###
♣...≈.♣♣.)).♣#
♣♣..♣♣...≈♣≈#
♣≈≈.....≈.##
♣♣≈≈§≈≈..##
♣♣......♣#
.♣♣....≈≈.#
≈.≈≈....H.#
≈...≈..≈[@#
♣..≈..≈♣..#wop...≈
≈....≈≈♣.)#.≈)≈≈≈≈
[♣.......#≈§§..≈≈
..♣......#.§≈≈♣##
. ..≈≈§..#≈.♣##
.♣≈≈..≈.#♣♣#
.♣♣..≈≈#


You could see a fenstrider witch, a wizard, a swamp worm and an orc sorcerer.

Vanquished Creatures
  Rupert (D:12)
  Jorgrun (Orc:1)
  Gastronok (Lair:2)
  A thorn hunter (Swamp:4)
  Kirke (D:14)
  Roxanne (D:14)
  2 fenstrider witches (Swamp:4)
  A fire giant (D:15)
  2 orc warlords (Orc:2)
  6 ghouls
  Nessos (D:14)
  5 eleionomae
  2 bunyips
  Snorg (Lair:6)
  A blizzard demon (Swamp:4)
  An ettin (D:15)
  2 shambling mangroves
  A fire dragon (Lair:6)
  Harold (Lair:2)
  8 boulder beetles
  2 spriggan air magi (Swamp:4)
  19 hydras
  5 ogre magi
  8 centaur warriors
  2 ghost crabs
  13 alligators
  The ghost of Xelitey Juot the Cleaver, a novice MiFi of Cheibriados (Orc:1)
  7 tengu warriors
  5 death yaks (Lair:3)
  A spriggan berserker (Swamp:4)
  14 two-headed ogres
  Urug (Lair:3)
  5 orc high priests
  A soul eater (Swamp:4)
  Sonja (D:13)
  A hell knight (D:15)
  9 spriggans
  Nergalle (Lair:2)
  An iron troll (D:13)
  4 goliath frogs
  4 skeletal warriors
  4 spriggan druids
  4 swamp dragons
  A swamp dragon (shapeshifter) (D:15)
  6 bog bodies
  A deep troll (D:15)
  Pikel (D:6)
  A wizard (D:15)
  3 orc knights (Orc:2)
  A necromancer (D:15)
  2 lindwurms (Lair:3)
  4 harpies (D:13)
  3 deep elf pyromancers (Swamp:4)
  An ugly thing (D:13)
  3 cyclopes
  A manticore (D:14)
  5 orc sorcerers
  A moth of wrath (Swamp:4)
  2 oklob plants
  8 will-o-the-wisps
  2 wolf spiders
  3 centaur zombies
  A guardian serpent (Lair:6)
  14 black mambas
  An ice statue (IceCv)
  A torpor snail (Lair:4)
  Maurice (Orc:2)
  15 cane toads
  A gargoyle (D:13)
  12 komodo dragons
  2 ice devils (Lair:1)
  A kobold demonologist (D:11)
  An unseen horror (D:13)
  An anaconda simulacrum (IceCv)
  A tengu conjurer (D:13)
  A freezing wraith (D:13)
  2 rime drakes
  3 hellwings (Swamp:4)
  2 entropy weaver simulacra (IceCv)
  6 tyrant leeches
  6 trolls
  4 bloated husks
  14 hornets
  Grinder (D:6)
  32 blink frogs
  A troll (shapeshifter) (D:13)
  A hornet (shapeshifter) (D:14)
  7 dream sheep (Lair:4)
  A blink frog (shapeshifter) (D:14)
  9 slime creatures
  A jumping spider (shapeshifter) (D:13)
  A dire elephant simulacrum (IceCv)
  A shadow (D:12)
  A centaur simulacrum (D:14)
  A wraith (D:14)
  A vampire (D:14)
  12 wyverns
  Grum (D:9)
  85 yaks
  Eustachio (D:4)
  A redback (Lair:3)
  3 basilisks
  6 hogs (D:14)
  3 chaos spawn (Swamp:4)
  3 steam dragons
  3 vampire mosquitoes (D:12)
  3 neqoxecs (Swamp:4)
  A harpy simulacrum (IceCv)
  2 death yak simulacra (IceCv)
  Edmund (D:5)
  3 wargs
  A naga (Lair:2)
  16 swamp worms
  22 water moccasins
  2 acid dragons
  Duvessa (D:5)
  9 swamp drakes
  40 orc warriors
  2 black bears
  4 necrophages
  5 ice beasts
  37 centaurs
  7 ogres
  6 wolves (Lair:3)
  4 lemures (D:6)
  3 kobold brigands
  The ghost of H0rd4k the Magician, an amateur DEWz (D:3)
  Blork the orc (D:6)
  13 bullfrogs
  4 gnoll sergeants (D:9)
  3 scorpions
  A cane toad simulacrum (IceCv)
  9 two-headed ogre simulacra (IceCv)
  Dowan (D:5)
  A killer bee (D:11)
  5 elephant simulacra (IceCv)
  An electric eel (Lair:2)
  6 howler monkeys
  A lava snake (Lair:3)
  10 hounds
  3 jellies
  A bullfrog zombie (D:7)
  3 bullfrog skeletons
  22 orc priests
  A gnoll shaman (D:9)
  A centaur skeleton (D:7)
  8 iguanas
  31 orc wizards
  2 lightning spires (Swamp:3)
  4 troll simulacra (IceCv)
  6 spriggan simulacra (IceCv)
  A hound skeleton (D:4)
  14 gnolls (D:9)
  13 adders
  3 naga simulacra (IceCv)
  2 shadow imps
  5 white imps
  8 ufetubi
  An adder zombie (D:5)
  3 worms
  3 dart slugs
  88 orcs
  8 ball pythons
  11 bats
  4 endoplasms
  2 giant cockroaches
  10 goblins
  6 hobgoblins
  3 jackals (D:9)
  5 quokkas
  5 frilled lizards
  19 kobolds
  A quokka skeleton (D:4)
  3 rats
  7 briar patches (Swamp:4)
1001 creatures vanquished.

Vanquished Creatures (others)
  An alligator (Swamp:2)
  An orc wizard (Orc:2)
  2 ball lightnings (Swamp:3)
  16 foxfires
  38 fungi
  82 plants
140 creatures vanquished.

Grand Total: 1141 creatures vanquished

Notes
Turn   | Place    | Note
-------+----------+-------------------------------------------
     0 | D:1      | McKennaii the Demigod Conjurer began the quest for the Orb.
     0 | D:1      | Reached XP level 1. HP: 14/14 MP: 5/5
    84 | D:1      | Reached skill level 2 in Spellcasting
   351 | D:1      | Reached XP level 2. HP: 20/20 MP: 5/8
   920 | D:1      | Reached skill level 3 in Spellcasting
  1187 | D:2      | Noticed a black bear
  1245 | D:1      | Learned a level 2 spell: Searing Ray
  1358 | D:2      | Reached XP level 3. HP: 4/26 MP: 2/10
  1859 | D:2      | Reached XP level 4. HP: 33/33 MP: 6/12
  1864 | D:2      | Learned a level 4 spell: Iskenderun's Mystic Blast
  1964 | D:2      | Reached skill level 4 in Spellcasting
  2318 | D:2      | Killed a black bear
  2319 | D:2      | Reached skill level 5 in Spellcasting
  2319 | D:2      | Reached XP level 5. HP: 8/38 MP: 4/15
  3212 | D:3      | Found Orusicai's Book Emporium.
  3217 | D:3      | Found Zem Zimp's Weapon Boutique.
  3231 | D:3      | Found Vufem's Antique Weapon Shop.
  3283 | D:3      | Found Liba's Magic Scroll Emporium.
  3305 | D:3      | Bought a scroll of teleportation for 42 gold pieces
  3305 | D:3      | Bought a scroll of magic mapping for 49 gold pieces
  3357 | D:3      | Noticed H0rd4k's ghost (amateur DEWz)
  3361 | D:3      | Found a runed translucent door.
  3382 | D:3      | Identified the +6 whip "Arcanum" {vorpal, rElec Will+
                  | Str-4}
  3781 | D:3      | Killed H0rd4k's ghost
  3782 | D:3      | Reached XP level 6. HP: 42/45 MP: 9/17
  4028 | D:4      | Noticed Eustachio
  4036 | D:4      | Killed Eustachio
  4037 | D:4      | Reached skill level 6 in Spellcasting
  4562 | D:4      | Reached skill level 5 in Conjurations
  4562 | D:4      | Reached XP level 7. HP: 41/50 MP: 12/19
  4974 | D:5      | Entered Level 5 of the Dungeon
  5550 | D:5      | Noticed Duvessa
  5564 | D:5      | Killed Duvessa
  5725 | D:5      | Noticed Dowan
  5729 | D:5      | Killed Dowan
  6002 | D:5      | Reached XP level 8. HP: 37/57 MP: 10/20
  6206 | D:5      | Noticed Edmund
  6214 | D:5      | Killed Edmund
  7322 | D:6      | Noticed Grinder
  7338 | D:6      | Killed Grinder
  8062 | D:6      | Reached skill level 10 in Conjurations
  8158 | D:6      | Noticed Blork the orc
  8164 | D:6      | Killed Blork the orc
  8165 | D:6      | Reached skill level 1 in Armour
  8243 | D:6      | Reached XP level 9. HP: 62/62 MP: 13/21
  8556 | D:6      | Noticed Pikel
  8565 | D:6      | Killed Pikel
  9421 | D:7      | Found Suecasus's Gadget Gallery.
  9429 | D:7      | Bought a wand of acid (3) for 182 gold pieces
  9719 | D:7      | Found a staircase to the Ecumenical Temple.
 10135 | D:8      | Reached skill level 5 in Armour
 10643 | D:8      | Found a staircase to the Lair.
 10937 | D:9      | Noticed a two-headed ogre
 10946 | D:9      | Killed a two-headed ogre
 10947 | D:9      | Reached XP level 10. HP: 69/69 MP: 4/22
 11989 | D:9      | Noticed a two-headed ogre
 12522 | D:9      | Noticed Grum
 12882 | D:9      | Killed a two-headed ogre
 12883 | D:9      | Reached skill level 7 in Spellcasting
 13359 | D:9      | Killed Grum
 13636 | D:9      | Found Ippam's Distillery.
 13640 | D:9      | Bought a potion of curing for 39 gold pieces
 13640 | D:9      | Bought a potion of mutation for 104 gold pieces
 13640 | D:9      | Bought a potion of brilliance for 52 gold pieces
 13773 | D:9      | Bought a potion of flight for 39 gold pieces
 13783 | D:9      | Identified a scroll of acquirement
 13784 | D:9      | Acquired a staff of conjuration
 13800 | D:10     | Entered Level 10 of the Dungeon
 13862 | D:10     | Reached skill level 8 in Spellcasting
 14084 | D:10     | Found Vuim's Book Shoppe.
 14265 | D:10     | Found a flagged portal.
 14272 | D:10     | Identified the +2 spear of the Jester {protect, rElec MP-9
                  | Str+4}
 14276 | Bailey   | Entered a bailey
 15457 | Bailey   | Reached XP level 11. HP: 49/74 MP: 18/28
 15740 | Bailey   | Reached skill level 9 in Spellcasting
 16917 | D:10     | Reached skill level 10 in Spellcasting
 17203 | D:10     | Learned a level 5 spell: Fireball
 17364 | D:11     | Noticed a skeletal warrior
 17686 | D:11     | Reached skill level 1 in Fire Magic
 18680 | D:11     | Killed a skeletal warrior
 18821 | D:12     | Noticed a boulder beetle
 18900 | Lair:1   | Entered Level 1 of the Lair of Beasts
 19072 | Lair:1   | Reached XP level 12. HP: 78/81 MP: 5/30
 19074 | Lair:1   | Reached skill level 5 in Fire Magic
 19284 | Lair:1   | Noticed an eight-headed hydra
 19294 | Lair:1   | Killed an eight-headed hydra
 19427 | Lair:1   | Found a frozen archway.
 19474 | IceCv    | Entered an ice cave
 21239 | Lair:1   | Reached skill level 15 in Conjurations
 22154 | Lair:2   | Noticed Gastronok
 22243 | Lair:2   | Killed Gastronok
 22402 | Lair:2   | Found a staircase to the Snake Pit.
 22574 | Lair:2   | Noticed Harold
 22580 | Lair:2   | Killed Harold
 22585 | Lair:2   | Noticed Nergalle
 22591 | Lair:2   | Killed Nergalle
 23457 | Lair:3   | Reached skill level 1 in Shields
 23759 | Lair:3   | Noticed a four-headed hydra
 23766 | Lair:3   | Killed a four-headed hydra
 23767 | Lair:3   | Reached XP level 13. HP: 86/86 MP: 29/31
 23949 | Lair:3   | Reached skill level 5 in Shields
 24514 | Lair:3   | Found a staircase to the Swamp.
 24582 | Lair:3   | Noticed Urug
 24594 | Lair:3   | Killed Urug
 24904 | Lair:3   | Reached skill level 10 in Shields
 25199 | Lair:3   | Found a runed translucent door.
 25806 | Lair:3   | Found a runed translucent gate.
 25806 | Lair:3   | Found a runed translucent gate.
 25806 | Lair:3   | Found a runed translucent gate.
 25806 | Lair:3   | Found a runed translucent gate.
 25806 | Lair:3   | Found a runed translucent gate.
 25806 | Lair:3   | Found a runed translucent gate.
 26140 | Lair:3   | Identified the ring "Sobapaku" {rF+ rN++}
 27023 | Lair:4   | Found the +7 sceptre of Torment {pain, torment}
 27683 | Lair:5   | Reached skill level 11 in Spellcasting
 28563 | Lair:5   | Reached XP level 14. HP: 74/93 MP: 34/34
 29054 | Lair:5   | Found the +8 whip "Snakebite" {venom, curare, rPois}
 29164 | Lair:6   | Entered Level 6 of the Lair of Beasts
 29763 | Lair:6   | Reached skill level 12 in Spellcasting
 29940 | Lair:6   | Noticed Snorg
 29945 | Lair:6   | Killed Snorg
 30244 | Lair:6   | Found a staircase to the Slime Pits.
 30683 | Lair:6   | Identified the +1 ring mail "Ulead" {rF+ Int+4}
 32807 | D:12     | Found a staircase to the Orcish Mines.
 32898 | D:12     | Found Ketuwain's Weapon Boutique.
 33006 | D:12     | Noticed Rupert
 33010 | D:12     | Killed Rupert
 33341 | D:13     | Found Zaubypp's Antique Weapon Shop.
 33533 | D:13     | Found the +8 glaive of the Guard {elec, spectral, AC+5}
 33601 | D:13     | Reached skill level 13 in Spellcasting
 34007 | D:13     | Found a gate to the Vaults.
 34231 | D:13     | Reached XP level 15. HP: 72/99 MP: 36/37
 34234 | D:13     | Reached skill level 15 in Shields
 34435 | D:13     | Noticed Sonja
 34437 | D:13     | Killed Sonja
 34725 | D:14     | Noticed Nessos
 34728 | D:14     | Killed Nessos
 35054 | D:14     | Noticed Kirke
 35059 | D:14     | Killed Kirke
 35296 | D:14     | Reached skill level 14 in Spellcasting
 35423 | D:14     | Noticed Roxanne
 35953 | D:15     | Entered Level 15 of the Dungeon
 36708 | D:15     | Noticed a fire giant
 36717 | D:15     | Killed a fire giant
 36871 | D:15     | Reached skill level 15 in Spellcasting
 37408 | D:15     | Found a staircase to the Depths.
 37603 | D:14     | Killed Roxanne
 37811 | Orc:1    | Entered Level 1 of the Orcish Mines
 38083 | Orc:1    | Found Hacog's Book Emporium.
 38091 | Orc:1    | Noticed Jorgrun
 38096 | Orc:1    | Killed Jorgrun
 38247 | Orc:1    | Found a transporter.
 38253 | Orc:1    | Noticed Xelitey Juot's ghost (novice MiFi)
 38254 | Orc:1    | Identified the +2 dire flail of Doom {drain, *Rage Int+7}
 38254 | Orc:1    | Identified the +1 dire flail of Change {elec, Will+}
 38319 | Orc:1    | Found a transporter.
 38334 | Orc:1    | Killed Xelitey Juot's ghost
 38362 | Orc:1    | Identified the +2 leather armour "Rogickipn" {rC+}
 38512 | Orc:2    | Entered Level 2 of the Orcish Mines
 38586 | Orc:2    | Noticed Maurice
 38589 | Orc:2    | Killed Maurice
 38701 | Orc:2    | Found Yliox's Antique Weapon Boutique.
 39093 | Orc:2    | Found a staircase to the Elven Halls.
 39153 | Orc:2    | Reached skill level 16 in Spellcasting
 39716 | Orc:2    | Reached XP level 16. HP: 105/105 MP: 42/42
 39777 | Orc:2    | Found Itukietz's General Store.
 39778 | Orc:2    | Found Jorutug's Book Emporium.
 39780 | Orc:2    | Found Emets's Antique Armour Emporium.
 39780 | Orc:2    | Found Coust's Antique Weapon Shoppe.
 39795 | Orc:2    | Bought 3 scrolls of blinking for 292 gold pieces
 39795 | Orc:2    | Bought a scroll of blinking for 97 gold pieces
 39795 | Orc:2    | Bought a scroll of identify for 26 gold pieces
 39795 | Orc:2    | Bought a potion of haste for 130 gold pieces
 39797 | Orc:2    | Bought a book of Lightning for 432 gold pieces
 39797 | Orc:2    | Bought a book of Chaos for 600 gold pieces
 39797 | Orc:2    | Bought a book of Air for 264 gold pieces
 39806 | Orc:2    | Learned a level 5 spell: Lightning Bolt
 40258 | D:9      | Bought a potion of haste for 130 gold pieces
 40258 | D:9      | Bought a potion of ambrosia for 104 gold pieces
 40258 | D:9      | Bought a potion of curing for 39 gold pieces
 40258 | D:9      | Bought a potion of brilliance for 52 gold pieces
 40360 | Swamp:1  | Entered Level 1 of the Swamp
 40380 | Swamp:1  | Reached skill level 1 in Air Magic
 40656 | Swamp:1  | Acquired the +0 helmet "Urhach" {rPois Str+6 Int+4}
 41725 | Swamp:2  | Reached skill level 17 in Spellcasting
 42096 | Swamp:2  | Identified the +0 robe of the Other Side {MP+9 Str-4 Dex+2
                  | Stlth+}
 42125 | Swamp:2  | Reached skill level 5 in Air Magic
 43526 | Swamp:4  | Entered Level 4 of the Swamp
 43616 | Swamp:4  | Paralysed by a fenstrider witch for 5 turns
 45120 | Swamp:4  | Reached XP level 17. HP: 78/111 MP: 7/44
 45387 | Swamp:4  | Reached skill level 18 in Spellcasting
 45417 | Swamp:4  | Paralysed by a fenstrider witch for 6 turns
 45422 | Swamp:4  | Slain by a swamp worm

Illustrated notes

Levels and vault maps discovered:
D:1:      amcnicky_arrival_blooded_trapdoor, layout_loops_ring,
          shapermc_ecumenical_altar_mp_vishouse
D:2:      layout_loops_corners, basic_altar, minmay_split_cup_large
D:3:      layout_basic, serial_shops, nicolae_shop_hallway_plus, shop,
          shop_fountains, nicolae_shop_stone, hellmonk_ghost_happy_afterlife
D:4:      layout_loops_ring, uniq_eustachio
D:5:      layout_basic, uniq_edmund, uniq_duvessa
D:6:      layout_basic, uniq_pikel, uniq_blork_the_orc, uniq_grinder
D:7:      layout_basic, mainiacjoe_overflow_two_lobes,
          minmay_temple_entry_trees, nicolae_shop_gadgets
D:8:      layout_basic, lair_entry_dummy
D:9:      layout_cave_pools, nemelex_diamond_rough_becter,
          nicolae_overflow_crystal_walls, grunt_gozag_statues,
          serial_gnoll_camp, gnoll_camp_mini_shop, gnoll_camp_huts_basic,
          grums_kennel, gnoll_camp_mini_house, gnoll_camp_mini_sergeant,
          minivault_10
D:10:     layout_roguey, mainiacjoe_overflow_alcove_4,
          mainiacjoe_overflow_boulevard, serial_shops, shop, enter_bailey_2
D:11:     layout_roguey, minmay_fractal_squares_5
D:12:     layout_stronghold, orc_0_dummy, serial_shops,
          nicolae_shop_hallway_stairs, uniq_rupert
D:13:     layout_rooms, david_vaults_4, hangedman_abyss_or_decor_slice,
          nicolae_stop_n_shop_2, minmay_statues_item, hangedman_aviary,
          uniq_sonja
D:14:     layout_roguey, minmay_misc_feat_cross, uniq_roxanne, uniq_kirke,
          uniq_nessos
D:15:     hangedman_depths_entry_civil_slaughter, layout_gridville,
          roderic_serpentine_path
Lair:1:   layout_gridlike, portal_ice_cave_demonic_guard,
          grunt_forest_small_clearings
Lair:2:   layout_hall_layers, guppyfry_snake_entry_garden, minivault_24,
          infiniplex_staircase_pool, uniq_gastronok, uniq_harold, uniq_nergalle
Lair:3:   gammafunk_indiana_jones, layout_loops_ring, minmay_swamp_entry_worms,
          columned_hall_lemuel, minivault_24, uniq_urug
Lair:4:   layout_cave_pods
Lair:5:   minmay_guarded_unrand_snakebite, layout_long_grid
Lair:6:   guppyfry_lair_end_dragon, layout_cave_shapes,
          hangedman_lair_tendril_chambers, slime_altar_1, uniq_snorg
Swamp:1:  layout_basic_swamp, nicolae_swamp_dense_foliage
Swamp:2:  layout_falls_marsh, nicolae_swamp_big_swirl, swamp_pool1,
          nicolae_swamp_super_fun_site, infiniplex_staircase_pool_2
Swamp:3:  layout_basic_swamp, nicolae_swamp_tree_isthmus, swamp_pool5,
          nicolae_swamp_round_clearing, hangedman_swamp_phenomena
Swamp:4:  nzn_swamp_witches_coven, layout_basic_swamp, swamp_pool2,
          statue_in_the_mist_lemuel, nicolae_swamp_godswood,
          hangedman_swamp_blocks, worms_lemuel
Orc:1:    layout_diamond_mine, serial_shops, shop, gammafunk_ghost_smash,
          uniq_jorgrun
Orc:2:    st_orc_congregation, layout_caves, serial_shops, shop_fountains,
          uniq_maurice

Skill      XL: |  1  2  3  4  5  6  7  8  9 10 11 12 13 14 15 16 17 |
---------------+----------------------------------------------------+-----
Spellcasting   | 2 3 5 6 8 10 11 13 16 17 18 | 18.0
Conjurations   | 5 7 10 11 12 13 16 | 16.0
Armour         | 2 5 6 |  6.0
Translocations | 2 |  2.0
Fire Magic     | 4 6 |  6.0
Shields        | 3 12 14 15 | 15.0
Air Magic      | 8 |  8.6
Dodging        | |  1.7
Stealth        | |  1.7

Action                   |  1- 3 |  4- 6 |  7- 9 | 10-12 | 13-15 | 16-18 || total
-------------------------+-------+-------+-------+-------+-------+-------++-------
Melee: Whip              |       |       |     4 |    34 |       |       ||    38
       Staff             |       |       |       |     9 |     9 |       ||    18
       Eveningstar       |       |       |       |       |    28 |       ||    28
 Cast: Magic Dart        |    71 |    94 |   146 |   480 |   367 |    48 ||  1206
       Searing Ray       |     2 |     9 |    62 |   124 |    41 |       ||   238
       Iskenderun's Myst |       |       |     8 |    94 |   202 |    59 ||   363
       Fireball          |       |       |       |    67 |   330 |   110 ||   507
       Lightning Bolt    |       |       |       |       |       |   181 ||   181
Evoke: Wand              |       |       |       |    13 |    13 |       ||    26
  Use: Scroll            |       |       |     4 |    12 |     3 |    10 ||    29
       Potion            |       |       |       |       |     4 |       ||     4
Armor: Robe              |       |     5 |     8 |       |       |       ||    13
       Ring mail         |       |       |     9 |   140 |    70 |    13 ||   232
Dodge: Dodged            |     1 |    26 |    44 |   146 |    80 |    14 ||   311
Block: Other             |       |       |     2 |    56 |       |       ||    58
       Reflection        |       |       |     1 |     4 |    26 |       ||    31
       Buckler           |       |       |       |     3 |   108 |       ||   111
       Kite shield       |       |       |       |       |    45 |    21 ||    66
